 Dungeon Crawl Stone Soup version 0.16.1-51-g6203257 (webtiles) character file.

23468 Miyamura the Nimble (level 13, -4/104 HPs)
             Began as a Merfolk Ice Elementalist on Aug 4, 2015.
             Was a High Priest of Okawaru.
             Killed from afar by a fire drake (9 damage)
             ... with a blast of flame
             ... on level 5 of the Lair of Beasts.
             The game lasted 01:43:13 (30576 turns).

Miyamura the Nimble (Merfolk Ice Elementalist)     Turns: 30576, Time: 01:43:13

Health: -4/104     AC:  5    Str: 13    XL:     13   Next: 6%
Magic:  28/28      EV:  2    Int: 18    God:    Okawaru [*****.]
Gold:   1580       SH:  0    Dex:  9    Spells: 5 memorised, 11 levels left

rFire  . . .     SeeInvis .     Q - +9 falchion "Widowermaker" {drain, rC++ rN+ Dex-5}
rCold  + + +     Rnd*Rage +     m - +0 leather armour
rNeg   + + +     SustAb   .     M - +3 buckler of Ycsum {rC+ Str+3}
rPois  ∞         Gourm    .     (no helmet)
rElec  .         Spirit   .     l - +0 cloak
rCorr  .         Warding  .     (no gloves)
rMut   .         Stasis   .     (no boots)
MR     .....                    (no amulet)
Stlth  ++........               t - ring of poison resistance
                                e - ring of wizardry

@: petrified, not resistant to hostile enchantments, unstealthy
A: change form in water, swift swim, icy blue scales 1, berserk 1, spit poison
1, MP-powered wands 1
a: Spit Poison, Heroism, Finesse, Renounce Religion


You were on level 5 of the Lair of Beasts.
You worshipped Okawaru.
Okawaru was extremely pleased with you.
You were not hungry.

You visited 4 branches of the dungeon, and saw 19 of its levels.
You also visited: Ice Cave.

You collected 1691 gold pieces.
You spent 111 gold pieces at shops.

Inventory:

Hand weapons
 j - the +4 war axe "Cigeeg" {flame, -Cast rElec rPois MP+9 Dex+3}
   (You found it on level 1 of the Lair of Beasts)

   It has been specially enchanted to burn those struck by it, causing extra
   injury to most foes and up to half again as much damage against particularly
   susceptible opponents.
   Big, fiery blades are also staple armaments of hydra-hunters.
   It affects your dexterity (+3).
   It insulates you from electricity.
   It protects you from poison.
   It affects your magic capacity (+9).
   It prevents spellcasting.
 k - a +2 trident of venom
 n - a +1 spear of freezing
 I - the +5 mace "Teesites" {vamp, -Cast rC++ rN+}
   (You found it in an ice cave)

   It inflicts no extra harm, but heals its wielder somewhat when it strikes a
   living foe.
   It greatly protects you from cold.
   It protects you from negative energy.
   It prevents spellcasting.
 Q - the +9 falchion "Widowermaker" (weapon) {drain, rC++ rN+ Dex-5}
   (You found it in an ice cave)

   A truly terrible weapon, it drains the life of those it strikes.
   It affects your dexterity (-5).
   It greatly protects you from cold.
   It protects you from negative energy.
Armour
 l - a +0 cloak (worn)
 m - a +0 leather armour (worn)
 M - the +3 buckler of Ycsum (worn) {rC+ Str+3}
   (Okawaru gifted it to you on level 4 of the Lair of Beasts)

   It affects your strength (+3).
   It protects you from cold.
Jewellery
 e - a ring of wizardry (left hand)
 t - a ring of poison resistance (right hand)
 x - an uncursed ring of protection from fire {unknown}
 z - an uncursed ring of protection from cold
 E - an uncursed ring of fire
 K - a +3 ring of protection {unknown}
 P - a +4 ring of evasion {unknown}
Magical devices
 a - a wand of slowing (10)
 p - a wand of invisibility (4)
 u - a wand of lightning (3)
 y - a wand of fire (11)
 A - a wand of polymorph (17)
 F - a wand of polymorph (7)
 O - a wand of cold (10)
 R - a wand of random effects (22)
Scrolls
 i - a scroll of fear
 o - 2 scrolls of enchant weapon
 w - a scroll of amnesia
 C - 3 scrolls of remove curse
 G - a scroll of recharging
 J - a scroll of enchant armour
 L - a scroll of blinking
Potions
 f - a potion of might
 g - a potion of cancellation
 q - a potion of resistance
 s - a potion of brilliance
 v - a potion of curing
 D - 2 potions of agility {unknown}
 H - a potion of heal wounds {unknown}
Books
 b - a book of Frost

   Spells                             Type                      Level
   a - Freeze                         Ice                          1
   b - Throw Frost                    Conjuration/Ice              2
   c - Ozocubu's Armour               Charms/Ice                   3
   d - Throw Icicle                   Conjuration/Ice              4
   e - Summon Ice Beast               Ice/Summoning                4
   f - Condensation Shield            Ice                          4
Comestibles
 c - 3 bread rations
 d - 19 fruits
 h - 4 chunks of flesh
 r - 2 beef jerkies
 B - 2 meat rations
 N - a poisonous chunk of flesh
 S - a royal jelly


   Skills:
 - Level 10.6 Fighting
 - Level 2.7 Maces & Flails
 - Level 11.4 Polearms
 - Level 12.9 Dodging
 - Level 4.0 Stealth
 + Level 5.2 Shields
 - Level 7.5 Spellcasting
 - Level 2.1 Conjurations
 - Level 9.0 Ice Magic
 - Level 5.9 Evocations


You had 11 spell levels left.
You knew the following spells:

 Your Spells              Type           Power        Failure   Level  Hunger
c - Condensation Shield   Ice            #####.....   1%          4    ###....
f - Freeze                Ice            ####         1%          1    None
i - Throw Icicle          Conj/Ice       ####....     7%          4    ###....
o - Ozocubu's Armour      Chrm/Ice       ###.....     4%          3    #......
s - Summon Ice Beast      Ice/Summ       ###.....     10%         4    ###....


Dungeon Overview and Level Annotations

Branches:
Dungeon (10/15)            Temple (1/1) D:7            Lair (5/8) D:8
    Orc (3/4) D:9
  Swamp: Lair:3-6    Shoals: Lair:3-6     Snake: Lair:3-6    Spider: Lair:3-6
    Elf: Orc:3-4

Altars:
Ashenzari
Cheibriados
Dithmenos
Elyvilon
Fedhas
Gozag
Kikubaaqudgha
Makhleb
Nemelex Xobeh
Okawaru
Qazlal
Ru
Sif Muna
Trog
Vehumet
Xom
Yredelemnul
Zin
The Shining One
Beogh

Shops:
D:4 %   D:7 *   Orc:3 (

Annotations:
Lair:2 Gastronok


Innate Abilities, Weirdness & Mutations

You revert to your normal form in water.
You are very nimble and swift while swimming.
You are partially covered in icy blue scales (AC +1).
You tend to lose your temper in combat.
You can spit poison.
You expend magic power (3 MP) to slightly strengthen your wands.


Message History

The basilisk bites you!
The wyvern bites you but does no damage.
The fire drake breathes flames at you. The blast of flame hits you!
The wyvern bites you!
* * * LOW HITPOINT WARNING * * *
The basilisk bites you!
* * * LOW HITPOINT WARNING * * *
The fire drake bites you.
* * * LOW HITPOINT WARNING * * *
The wyvern bites you!
* * * LOW HITPOINT WARNING * * *
The fire drake bites you.
* * * LOW HITPOINT WARNING * * *
The basilisk gazes at you.
You easily resist.
The wyvern bites you!
* * * LOW HITPOINT WARNING * * *
The fire drake breathes flames at you. The blast of flame hits you!
You die...

........#...#P##.P.#.<.#.(#......
...>........######.#...####P#....
........#.### #####...### ###.P..
#.....##.## #..##.....# #.#.#
#.#.P#...## #.#....##.# ####..
....+.⌠..####.....## # #.#...
##........###....# ##.#P..
##.#..../##....#### #......
....###....@..##P.####......
..... #....kDl.....#........≈
....+.#.......#......P.....≈
....##.⌠...⌠.#.#..#.......≈
..#.#.........#.##.......≈ .
#....⌠.....#####......≈
##........## ##.....≈
#.....#.....# ##....≈
#...##........ #..#.


You could see a basilisk, a fire drake and a wyvern.

Vanquished Creatures
  Fannar (Lair:2)
  The ghost of Miyamura the Covered, an experienced DDFi of Makhleb (D:8)
  3 ice statues (IceCv)
  5 spiny frogs
  4 black mambas
  3 komodo dragons
  A two-headed ogre (D:8)
  A blink frog (Lair:1)
  4 polar bears (Lair:2)
  3 basilisks (D:8)
  15 yaks
  2 hungry ghosts
  20 wolves
  4 hippogriffs
  2 water moccasins
  3 wargs (Orc:3)
  10 ice beasts
  8 orc warriors
  11 porcupines
  3 sky beasts
  8 black bears
  3 ogres
  2 centaurs
  10 crocodiles
  8 giant frogs
  A big kobold (D:8)
  A wyvern skeleton (D:9)
  5 scorpions
  2 crimson imps
  5 hounds
  A jelly (D:8)
  A giant frog skeleton (D:7)
  9 orc priests
  2 giant frog zombies (D:9)
  22 orc wizards
  3 quasits
  4 iguanas
  6 worker ants
  Ijyb (D:3)
  2 hound zombies
  2 hound skeletons (D:9)
  Robin (D:4)
  14 river rats
  2 giant mites
  4 shadow imps
  12 white imps (Lair:4)
  19 adders
  6 worms
  4 adder skeletons
  9 giant geckos
  An ooze (D:1)
  113 orcs
  2 bat skeletons
  A bat zombie (D:7)
  7 giant cockroaches
  18 hobgoblins
  7 quokkas
  A ball python (D:5)
  17 bats
  A giant gecko skeleton (D:6)
  A giant gecko zombie (D:9)
  5 giant newts
  A giant spore (D:9)
  23 goblins
  7 jackals
  21 kobolds
  16 rats
  9 ballistomycetes
524 creatures vanquished.

Vanquished Creatures (collateral kills)
  A hydra (Lair:2)
  A spiny frog (Lair:2)
  A komodo dragon (Lair:2)
  A slime creature (D:9)
  3 blink frogs (Lair:1)
  Eustachio (Orc:2)
  2 yaks (Lair:1)
  A hippogriff (Lair:4)
  A porcupine (Lair:4)
  4 orc warriors
  A giant frog (Lair:1)
  An orc wizard (Orc:2)
  4 river rats (Lair:1)
  9 orcs
  2 bats (Orc:2)
  A rat (Orc:2)
34 creatures vanquished.

Vanquished Creatures (others)
  16 ice beasts
  An orc (Orc:2)
  7 giant spores
  4 ballistomycetes (D:9)
  17 fungi
  12 plants
57 creatures vanquished.

Grand Total: 615 creatures vanquished

Notes
Turn   | Place    | Note
--------------------------------------------------------------
     0 | D:1      | Miyamura, the Merfolk Ice Elementalist, began the quest for the Orb.
     0 | D:1      | Reached XP level 1. HP: 13/13 MP: 3/3
   161 | D:1      | Reached XP level 2. HP: 19/19 MP: 2/4
   676 | D:1      | Reached XP level 3. HP: 16/25 MP: 1/6
  1135 | D:2      | Learned a level 3 spell: Ozocubu's Armour
  1353 | D:2      | Reached skill level 1 in Fighting
  1634 | D:2      | Reached XP level 4. HP: 32/32 MP: 0/8
  1743 | D:2      | Learned a level 4 spell: Throw Icicle
  2977 | D:3      | Reached XP level 5. HP: 35/37 MP: 6/9
  3074 | D:3      | Reached skill level 4 in Dodging
  3813 | D:4      | Noticed an ogre
  4057 | D:3      | Reached XP level 6. HP: 18/44 MP: 7/13
  4466 | D:4      | Noticed Robin
  4468 | D:4      | Noticed Ijyb
  4829 | D:3      | Killed Ijyb
  4954 | D:4      | Killed Robin
  5354 | D:4      | Found Vinih's Food Boutique.
  5372 | D:4      | Killed an ogre
  5372 | D:4      | Reached skill level 5 in Dodging
  5372 | D:4      | Reached skill level 1 in Conjurations
  5372 | D:4      | Reached XP level 7. HP: 23/51 MP: 3/15
  5630 | D:5      | Entered Level 5 of the Dungeon
  5835 | D:5      | Found a stormy altar of Qazlal.
  5855 | D:5      | Reached skill level 5 in Ice Magic
  5859 | D:5      | Gained mutation: You tend to lose your temper in combat. [mutagenic meat]
  5860 | D:5      | Gained mutation: You expend magic power (3 MP) to slightly strengthen your wands. [potion of mutation]
  5860 | D:5      | Gained mutation: You are partially covered in icy blue scales (AC +1). [potion of mutation]
  5860 | D:5      | Gained mutation: You can spit poison. [potion of mutation]
  7899 | D:6      | Reached XP level 8. HP: 35/58 MP: 9/18
  7905 | D:6      | Reached skill level 6 in Dodging
  9103 | D:7      | Found Thic's Assorted Antiques.
  9117 | D:7      | Reached skill level 1 in Maces & Flails
  9470 | D:7      | Found a staircase to the Ecumenical Temple.
  9477 | Temple   | Entered the Ecumenical Temple
  9721 | D:7      | Reached skill level 5 in Spellcasting
  9864 | D:7      | Found a shadowy altar of Dithmenos.
 10006 | D:8      | Reached skill level 5 in Fighting
 10006 | D:8      | Reached skill level 7 in Dodging
 10006 | D:8      | Reached XP level 9. HP: 49/68 MP: 14/21
 10014 | D:8      | Noticed a basilisk
 10306 | D:8      | Noticed a two-headed ogre
 10312 | D:8      | Killed a two-headed ogre
 10385 | D:8      | Found a basalt altar of Yredelemnul.
 10404 | D:8      | Noticed Miyamura's ghost (experienced DDFi)
 10424 | D:8      | Found a burning altar of Makhleb.
 10746 | D:8      | Found a shadowy altar of Dithmenos.
 11225 | D:8      | Reached skill level 1 in Polearms
 11366 | D:8      | Noticed a basilisk
 11372 | D:8      | Killed a basilisk
 11372 | D:8      | Reached skill level 8 in Dodging
 11541 | D:8      | Reached XP level 10. HP: 46/76 MP: 2/24
 11764 | D:8      | Found a staircase to the Lair.
 12150 | D:8      | Killed Miyamura's ghost
 12181 | D:8      | Reached skill level 9 in Dodging
 12258 | D:8      | Noticed a basilisk
 12276 | D:8      | Killed a basilisk
 12405 | D:8      | Killed a basilisk
 12405 | D:8      | Reached skill level 5 in Polearms
 13090 | D:8      | HP: 3/79 [ice beast (10)]
 13098 | D:8      | HP: 3/79 [poisoned by a scorpion]
 13481 | D:8      | Learned a level 4 spell: Summon Ice Beast
 13697 | D:8      | Found a white marble altar of Elyvilon.
 13909 | Temple   | Became a worshipper of Warmaster Okawaru
 13956 | D:9      | Found a staircase to the Orcish Mines.
 14116 | D:9      | Found a shattered altar of Ashenzari.
 14719 | D:9      | Found a shadowy altar of Dithmenos.
 15374 | D:9      | Acquired Okawaru's first power
 15584 | D:9      | Found a glowing silver altar of Zin.
 15612 | D:10     | Entered Level 10 of the Dungeon
 15612 | D:10     | Found a burning altar of Makhleb.
 16059 | D:9      | Reached XP level 11. HP: 86/86 MP: 26/26
 16067 | D:9      | Reached skill level 10 in Dodging
 16226 | Orc:1    | Entered Level 1 of the Orcish Mines
 17953 | Orc:2    | Found an iron altar of Okawaru.
 18085 | Orc:1    | Noticed an orc knight
 18354 | Orc:3    | Found a staircase to the Elven Halls.
 18720 | Orc:2    | Noticed Eustachio
 18730 | Orc:2    | Killed Eustachio
 19280 | Orc:1    | Found a roughly hewn altar of Beogh.
 20103 | Orc:3    | Noticed an orc knight
 21016 | Orc:3    | Found Ugauz's Antique Weapon Boutique.
 21093 | Orc:3    | Bought a runed spear for 111 gold pieces
 21426 | Lair:1   | Entered Level 1 of the Lair of Beasts
 21848 | Lair:1   | Learned a level 4 spell: Condensation Shield
 21873 | Lair:1   | Reached skill level 11 in Dodging
 22256 | Lair:1   | Got a warped war axe
 22257 | Lair:1   | Identified the +4 war axe "Cigeeg" {flame, -Cast rElec rPois MP+9 Dex+3} (You found it on level 1 of the Lair of Beasts)
 22353 | Lair:1   | Noticed an eight-headed hydra
 23153 | Lair:2   | Noticed a seven-headed hydra
 23166 | Lair:1   | Reached skill level 1 in Evocations
 23802 | Lair:2   | Noticed Gastronok
 24473 | Lair:2   | Reached XP level 12. HP: 53/96 MP: 16/27
 24958 | Lair:2   | Reached skill level 10 in Polearms
 24979 | Lair:2   | Killed a seven-headed hydra
 24979 | Lair:2   | Reached skill level 12 in Dodging
 25139 | Lair:2   | Noticed Fannar
 25176 | Lair:2   | Killed Fannar
 25176 | Lair:2   | Acquired Okawaru's second power
 25854 | Lair:2   | Reached skill level 10 in Fighting
 26425 | Lair:3   | You fall through a shaft!
 26443 | Lair:4   | Reached skill level 5 in Evocations
 26746 | Lair:4   | Found a frozen archway.
 26763 | Lair:4   | Received a gift from Okawaru
 26793 | Lair:4   | Got a smoking buckler {god gift}
 26939 | IceCv    | Entered an ice cave
 28028 | IceCv    | Got a steaming mace
 28040 | IceCv    | Got a warped falchion
 28073 | Lair:4   | Identified the +9 falchion "Widowermaker" {drain, rC++ rN+ Dex-5} (You found it in an ice cave)
 28079 | Lair:4   | Identified the +5 mace "Teesites" {vamp, -Cast rC++ rN+} (You found it in an ice cave)
 28091 | Lair:4   | Identified the +3 buckler of Ycsum {rC+ Str+3} (Okawaru gifted it to you on level 4 of the Lair of Beasts)
 28553 | Lair:4   | Reached skill level 1 in Shields
 30001 | Lair:4   | Reached XP level 13. HP: 78/104 MP: 28/28
 30455 | Lair:5   | Reached skill level 5 in Shields
 30575 | Lair:5   | HP: 5/104 [wyvern (8)]
 30576 | Lair:5   | Killed from afar by a fire drake

Action                   |  1- 3 |  4- 6 |  7- 9 | 10-12 | 13-15 || total
-------------------------+-------+-------+-------+-------+-------++-------
Melee: Unarmed           |    40 |    68 |    98 |       |       ||   206
       Whip              |       |       |   141 |       |       ||   141
       Falchion          |       |       |     6 |   107 |    25 ||   138
       Trident           |       |       |    54 |   982 |       ||  1036
       Spear             |       |       |       |   180 |       ||   180
       War axe           |       |       |       |    63 |       ||    63
 Cast: Freeze            |    54 |   171 |   201 |   306 |    11 ||   743
       Ozocubu's Armour  |     2 |     1 |     4 |    43 |     1 ||    51
       Throw Icicle      |       |       |    15 |    26 |     2 ||    43
       Summon Ice Beast  |       |       |       |    47 |       ||    47
       Condensation Shie |       |       |       |    19 |       ||    19
Invok: Heroism           |       |       |       |     3 |       ||     3
 Abil: Spit Poison       |       |       |       |     1 |       ||     1
Evoke: Wand              |       |       |       |     7 |       ||     7
  Use: Scroll            |     6 |     6 |     9 |    16 |     1 ||    38
       Potion            |       |     1 |     7 |     3 |       ||    11
 Stab: Sleeping          |     1 |     2 |     7 |     6 |     2 ||    18
       Distracted        |       |       |     2 |     1 |       ||     3
       Invisible         |       |       |       |     2 |       ||     2
       Fleeing           |       |       |       |     1 |       ||     1
  Eat: Chunk             |     3 |    13 |    22 |    72 |     2 ||   112
       Meat ration       |       |       |     2 |       |       ||     2
       Pizza             |       |       |     1 |       |       ||     1
       Bread ration      |       |       |       |     2 |       ||     2
       Royal jelly       |       |       |       |     2 |       ||     2
       Beef jerky        |       |       |       |     2 |       ||     2
       Fruit             |       |       |       |     3 |       ||     3
